 Dungeon Sprint DCSS version 0.30.1-9-gdf580d7c3d (webtiles) character file.

Game seed: 5187942707273937762

57775 Heoruswealwe the Minotaur Porcupine (level 14, -10/168 HPs)
             Began as a Minotaur Fighter on Sept 27, 2023.
             Was an Initiate of Gozag.
             Killed from afar by an ironbound frostheart (12 damage)
             ... by creeping frost
             ... in the Dungeon (Sprint IX: "|||||||||||||||||||||||||||||").
             The game lasted 00:50:08 (4469 turns).

Heoruswealwe the Minotaur Porcupine (MiFi)          Turns: 4469, Time: 00:50:11

Health: -10/168    AC: 36    Str: 30    XL:     14   Next: 47%
Magic:  13/13      EV: 13    Int:  8    God:    Gozag
Gold:   3793       SH: 13    Dex: 16    Spells: 13/13 levels left

rFire   + . .        a - +9 demon trident (elec)
rCold   + . .        d - +1 kite shield {AC+3}
rNeg    . . .        c - +2 plate armour
rPois   +            (helmet restricted)
rElec   +            h - +1 cloak
rCorr   +            f - +2 pair of gloves of Ywyirr {Int+3}
SInv    .            e - +1 pair of boots
Will    +....        (no amulet) Stlth
                     k - ring of poison resistance
HPRegen 0.48/turn    j - ring "Ismidy" {Str+4 Dex+6}
MPRegen 0.13/turn

%: no teleportation
@: silenced, resistant, marked, frozen, gold aura, very slow
A: horns 2, retaliatory headbutt
a: Renounce Religion


You were in the Dungeon.
You worshipped Gozag.
Gozag was most pleased with you.
You visited 1 branch You collected 17767 gold pieces.
You spent 7212 gold pieces at shops.
You paid 6762 gold pieces to Gozag.

Inventory:

Hand Weapons
 a - a +9 demon trident of electrocution (weapon)
 b - the +9 bardiche "Citiuta" {freeze, MP+9}
   (You bought it in a shop in the Dungeon)

   MP:        It affects your magic capacity (+9).
 g - a +3 glaive
 p - the +2 glaive "Biyxal" {flame, Will- Str+4 Int+3}
   (You bought it in a shop in the Dungeon)

   Str:       It affects your strength (+4).
   Int:       It affects your intelligence (+3).
   Will:      It decreases your willpower.
Armour
 c - a +2 plate armour (worn)
 d - a +1 kite shield of protection (worn)
 e - a +1 pair of boots (worn)
 f - the +2 pair of gloves of Ywyirr (worn) {Int+3}
   (You bought it in a shop in the Dungeon)

   Int:       It affects your intelligence (+3).
 h - a +1 cloak (worn)
Jewellery
 j - the ring "Ismidy" (right hand) {Str+4 Dex+6}
   (You found it in the Dungeon)

   [ring of dexterity]

   Str:       It affects your strength (+4).
   Dex:       It affects your dexterity (+6).
 k - a ring of poison resistance (left hand)
Wands
 l - a wand of acid (10)
 y - a wand of flame (30)
 z - a wand of charming (4)
Scrolls
 o - 4 scrolls of blinking
 q - 10 scrolls of identify
 r - 5 scrolls of enchant armour
 C - a scroll of acquirement
Potions
 i - a potion of berserk rage
 t - a potion of cancellation
 v - 3 potions of mutation
Miscellaneous
 n - a box of beasts
 A - a tin of tremorstones (2/2)
 B - a lightning rod (4/4)


   Skills:
 O Level 27 Fighting
 O Level 27 Polearms
 + Level 24.3 Armour
 - Level 10.3 Dodging
 - Level 11.9 Shields
 - Level 6.0 Evocations


You had 13 spell levels left.
You didn't know any spells.
Your spell library was empty.

Dungeon Overview and Level Annotations

Branches:
Dungeon (1/1)

Altars:
Cheibriados
Dithmenos
Elyvilon
Fedhas
Gozag
Hepliaklqana
Kikubaaqudgha
Makhleb
Nemelex Xobeh
Okawaru
Qazlal
Ru
Sif Muna
Trog
Uskayaw
Vehumet
Wu Jian
Xom
Yredelemnul
Zin
The Shining One
Jiyva
Lugonu

Shops:
D ?((**?*(*![


Innate Abilities, Weirdness & Mutations

You have a pair of horns on your head.
You reflexively headbutt those who attack you in melee.


Message History

Okay, then.
As you read the scroll of silence, it crumbles to dust.
A profound silence engulfs you.
The ironbound frostheart calls freezing cold from the walls.
The frost grips you!
* * * LOW HITPOINT WARNING * * *
You are encased in ice.
You feel better.
The vault sentinel is no longer distracted by gold.
The vault sentinel is distracted by your dazzling golden aura.
You feel protected.
The ironbound preserver is no longer distracted by gold.
You feel better. The ice encasing you melts away.
The ironbound preserver hits you but does no damage.
You puncture the ironbound preserver! You headbutt the ironbound preserver!
The ironbound preserver is moderately wounded.
The ironbound frostheart is distracted by your dazzling golden aura.
The ironbound preserver hits you but does no damage.
You impale the ironbound preserver!! You headbutt the ironbound preserver!
The ironbound preserver is severely wounded.
You barely miss the ironbound preserver.
You headbutt the ironbound preserver!
The ironbound preserver is severely wounded.
The vault sentinel is no longer distracted by gold.
The ironbound frostheart is no longer distracted by gold.
The ironbound frostheart calls freezing cold from the walls.
The frost grips you! You resist.
* * * LOW HITPOINT WARNING * * *
You are encased in ice.
The ironbound preserver hits you with a +0 great mace.
* * * LOW HITPOINT WARNING * * *
You puncture the ironbound preserver!
Lightning courses through the ironbound preserver!
You kill the ironbound preserver!
The vault sentinel blows a loud note on a signal horn!
The ironbound frostheart calls freezing cold from the walls.
The frost grips you! You resist.
You die...
Your body crumbles into a pile of gold.

,,,,,,,,+,,,,,,,,,,,,,+,,,,,,,,,,
*********************************
,,,,,,,,,,,,,,,,,,,,,,,,,,,,,,,,,
*********************************
+,,,,,,,,,,,,,,,,,,,,,,,,,,,,,,,,
*********************************
,,,,,,,,,,,,,,,,,,,,,,,,,,,,,,,,,
*********▓▓▓▓▓▓▓▓▓▓▓▓▓▓▓▓▓▓▓▓▓▓▓▓
,,,,,,,,,p{p..cp@$$$$+...[...)...
▓▓▓▓▓▓▓▓▓▓▓▓▓▓▓▓▓▓▓▓▓▓▓▓▓▓▓▓▓▓▓▓▓
.............)...................
▓▓▓▓▓▓▓▓▓▓▓▓▓▓▓▓▓▓▓▓▓▓▓▓▓▓▓▓▓▓▓▓▓
..'.).)))..)'.........'..)))[.)['
▓▓▓▓▓▓▓▓▓▓▓▓▓▓▓▓▓▓▓▓▓▓▓▓▓▓▓▓▓▓▓▓▓
.................................
▓▓▓▓▓▓▓▓▓▓▓▓▓▓▓▓▓▓▓▓▓▓▓▓▓▓▓▓▓▓▓▓▓
...(.(()(.().(('...........[[[[[[


You could see an ironbound preserver, an ironbound frostheart, a vault sentinel
and a yaktaur.

Vanquished Creatures
  Agnes (D)
  A ghost moth (D)
  A broodmother (D)
  2 vault wardens (D)
  2 ironbound preservers (D)
  5 stone giants (D)
  A spriggan defender (D)
  An eleionoma (D)
  Azrael (D)
  A dire elephant (D)
  3 spark wasps (D)
  2 bunyips (D)
  Josephine (D)
  A merfolk impaler (D)
  2 ettins (D)
  A hydra (D)
  Harold (D)
  2 ice dragons (D)
  4 centaur warriors (D)
  A radroach (D)
  2 naga warriors (D)
  An ironbound frostheart (D)
  A catoblepas (D)
  3 deep troll shamans (D)
  A deep troll earth mage (D)
  A spriggan berserker (D)
  Urug (D)
  A vampire mage (D)
  A naga sharpshooter (D)
  2 hell knights (D)
  A skyshark (D)
  3 spriggan druids (D)
  A flayed ghost (D)
  A glowing orange brain (D)
  A sea snake (D)
  An orb spider (D)
  A harpy (D)
  2 ironbound convokers (D)
  A wizard (D)
  A swamp dragon (D)
  A wolf spider (D)
  3 orc knights (D)
  An ugly thing (D)
  3 orc sorcerers (D)
  A manticore (D)
  7 elephants (D)
  2 salamanders (D)
  4 cyclopes (D)
  A vault sentinel (D)
  A merfolk siren (D)
  A naga mage (D)
  A water nymph (D)
  2 black mambas (D)
  A demonic crawler (D)
  2 cane toads (D)
  A freezing wraith (D)
  3 rime drakes (D)
  2 komodo dragons (D)
  A yaktaur (D)
  3 merfolk (D)
  A polar bear (D)
  A snapping turtle (D)
  A hornet (D)
  A dream sheep (D)
  A slime creature (D)
  A spriggan (D)
  A vampire (D)
  2 yaks (D)
  4 wraiths (D)
  6 fire elementals (D)
  2 redbacks (D)
  Grum (D)
  2 nagas (D)
  A water moccasin (D)
  An acid dragon (D)
  13 orc warriors (D)
  A black bear (D)
  4 wolves (D)
  2 centaurs (D)
  4 bullfrogs (D)
  2 howler monkeys (D)
  An orc priest (D)
  2 orc wizards (D)
  An iguana (D)
  A gnoll (D)
  An adder (D)
  17 orcs (D)
  3 ball pythons (D)
  An endoplasm (D)
  A quokka (D)
182 creatures vanquished.

Vanquished Creatures (others)
  An ice dragon (D)
  An unseen horror (D)
2 creatures vanquished.

Grand Total: 184 creatures vanquished

Notes
Turn   | Place    | Note
-------+----------+-------------------------------------------
     0 | D        | Heoruswealwe the Minotaur Fighter began the quest for the
                  | Orb.
     0 | D        | Reached XP level 1. HP: 19/19 MP: 0/0
    20 | D        | Noticed a centaur
    20 | D        | Noticed a howler monkey
    20 | D        | Noticed an iguana
    23 | D        | Reached XP level 2. HP: 26/26 MP: 1/1
    26 | D        | Reached XP level 3. HP: 14/31 MP: 2/2
    29 | D        | Reached skill level 10 in Polearms
    29 | D        | Reached XP level 4. HP: 19/39 MP: 3/3
    32 | D        | Killed a centaur
    33 | D        | Reached XP level 5. HP: 21/45 MP: 4/4
    42 | D        | Found a snail-covered altar of Cheibriados.
    42 | D        | Found a shadowy altar of Dithmenos.
    42 | D        | Found a white marble altar of Elyvilon.
    42 | D        | Found a blossoming altar of Fedhas.
    42 | D        | Found an opulent altar of Gozag.
    43 | D        | Found a hazy altar of Hepliaklqana.
    44 | D        | Found a viscous altar of Jiyva.
    45 | D        | Found an ancient bone altar of Kikubaaqudgha.
    46 | D        | Found a corrupted altar of Lugonu.
    47 | D        | Found a burning altar of Makhleb.
    48 | D        | Found a sparkling altar of Nemelex Xobeh.
    49 | D        | Found an iron altar of Okawaru.
    50 | D        | Became a worshipper of Gozag Ym Sagoz the Greedy
    51 | D        | Found a stormy altar of Qazlal.
    52 | D        | Found a sacrificial altar of Ru.
    53 | D        | Found a shimmering blue altar of Sif Muna.
    54 | D        | Found a bloodstained altar of Trog.
    55 | D        | Found a hide-covered altar of Uskayaw.
    56 | D        | Found a radiant altar of Vehumet.
    57 | D        | Found an ornate altar of the Wu Jian Council.
    58 | D        | Found a shimmering altar of Xom.
    59 | D        | Found a basalt altar of Yredelemnul.
    60 | D        | Found a glowing silver altar of Zin.
    61 | D        | Found a glowing golden altar of the Shining One.
   141 | D        | Noticed a yak
   141 | D        | Noticed a centaur
   141 | D        | Noticed an orc warrior
   141 | D        | Noticed an acid dragon
   146 | D        | Killed an acid dragon
   147 | D        | Reached XP level 6. HP: 48/51 MP: 5/5
   156 | D        | Killed an orc warrior
   165 | D        | Killed an unseen horror
   166 | D        | Reached XP level 7. HP: 29/57 MP: 6/6
   176 | D        | Killed a yak
   272 | D        | Noticed a centaur warrior
   272 | D        | Noticed a centaur warrior
   272 | D        | Noticed a cyclops
   272 | D        | Noticed a centaur warrior
   272 | D        | Noticed a vampire
   272 | D        | Noticed a slime creature
   277 | D        | Killed a slime creature
   285 | D        | Killed a vampire
   286 | D        | Reached XP level 8. HP: 31/64 MP: 7/7
   292 | D        | Killed a centaur warrior
   301 | D        | Killed a cyclops
   302 | D        | Reached XP level 9. HP: 41/70 MP: 8/8
   310 | D        | Killed a centaur warrior
   319 | D        | Killed a centaur warrior
   564 | D        | Noticed Urug
   582 | D        | Killed Urug
   823 | D        | Got the ring "Ismidy" {Str+4 Dex+6}
   837 | D        | Noticed a black mamba
   837 | D        | Noticed a komodo dragon
   837 | D        | Noticed a cane toad
   841 | D        | Killed a cane toad
   842 | D        | Reached XP level 10. HP: 60/77 MP: 9/9
   850 | D        | Reached skill level 1 in Dodging
   859 | D        | Killed a black mamba
   861 | D        | Reached skill level 5 in Armour
   864 | D        | Reached skill level 5 in Fighting
   864 | D        | Reached skill level 5 in Shields
   978 | D        | Noticed a skyshark
   988 | D        | Noticed a cane toad
   994 | D        | Killed a skyshark
   995 | D        | Reached skill level 5 in Dodging
  1011 | D        | Killed a cane toad
  1064 | D        | Noticed an elephant
  1064 | D        | Noticed an elephant
  1064 | D        | Noticed an elephant
  1064 | D        | Noticed an elephant
  1064 | D        | Noticed an elephant
  1064 | D        | Noticed an elephant
  1065 | D        | Noticed a dire elephant
  1072 | D        | Killed an elephant
  1073 | D        | Reached XP level 11. HP: 81/94 MP: 10/10
  1092 | D        | Killed a dire elephant
  1093 | D        | Reached skill level 27 in Polearms
  1105 | D        | Reached skill level 10 in Fighting
  1401 | D        | Noticed an orc sorcerer
  1411 | D        | Killed an orc sorcerer
  1557 | D        | Noticed an orc knight
  1575 | D        | Killed an orc knight
  1579 | D        | Reached skill level 15 in Fighting
  1749 | D        | Found Fayxycad's Armour Boutique.
  1749 | D        | Noticed an orc sorcerer
  1749 | D        | Noticed an orc knight
  1757 | D        | Killed an orc knight
  1758 | D        | Found Pyrrijox's Distillery.
  1761 | D        | Killed an orc sorcerer
  1762 | D        | Noticed an orc knight
  1764 | D        | Found Dasocol's Assorted Antiques.
  1768 | D        | Found Nuti's Antique Weapon Shop.
  1771 | D        | Killed an orc knight
  1777 | D        | Noticed an orc sorcerer
  1785 | D        | Killed an orc sorcerer
  1859 | D        | Bought a +0 pair of gloves for 58 gold pieces
  1866 | D        | Bought a potion of cancellation for 104 gold pieces
  1866 | D        | Bought a potion of might for 52 gold pieces
  1866 | D        | Bought a potion of curing for 39 gold pieces
  1866 | D        | Bought a potion of mutation for 104 gold pieces
  1866 | D        | Bought a potion of mutation for 104 gold pieces
  1866 | D        | Bought a potion of curing for 39 gold pieces
  1866 | D        | Bought a potion of resistance for 130 gold pieces
  1866 | D        | Bought a potion of degeneration for 13 gold pieces
  1866 | D        | Bought a potion of lignification for 39 gold pieces
  1866 | D        | Bought a potion of flight for 39 gold pieces
  1883 | D        | Bought a large malachite amulet for 105 gold pieces
  1883 | D        | Bought a wooden wand for 84 gold pieces
  1883 | D        | Bought a bone wand for 84 gold pieces
  1883 | D        | Bought 2 potions of curing for 126 gold pieces
  1883 | D        | Bought a potion of heal wounds for 105 gold pieces
  1883 | D        | Bought a scroll of identify for 42 gold pieces
  1938 | D        | Bought a bloodstained glaive for 230 gold pieces
  1938 | D        | Identified the +2 glaive "Biyxal" {flame, Will- Str+4
                  | Int+3} (You bought it in a shop in the Dungeon)
  1962 | D        | Bought a wand of flame (13) for 109 gold pieces
  1962 | D        | Bought a scroll of fog for 48 gold pieces
  1962 | D        | Bought a tin of tremorstones (2/2) for 480 gold pieces
  1990 | D        | Bought 3 scrolls of brand weapon for 342 gold pieces
  1990 | D        | Bought a scroll of poison for 48 gold pieces
  1990 | D        | Bought a scroll of acquirement for 624 gold pieces
  1990 | D        | Bought a scroll of identify for 24 gold pieces
  1990 | D        | Bought a scroll of identify for 24 gold pieces
  1990 | D        | Bought a scroll of silence for 114 gold pieces
  1990 | D        | Bought a scroll of identify for 24 gold pieces
  2025 | D        | Bought a lightning rod (4/4) for 450 gold pieces
  2025 | D        | Bought a scroll of enchant armour for 112 gold pieces
  2025 | D        | Bought a scroll of identify for 30 gold pieces
  2025 | D        | Bought the +2 pair of gloves of Ywyirr {Int+3} for 417 gold
                  | pieces
  2073 | D        | Bought a dazzling spear for 240 gold pieces
  2073 | D        | Identified the +5 spear of Kismet {pain, rF- rN+ Will+
                  | Stlth+} (You bought it in a shop in the Dungeon)
  2138 | D        | Noticed Harold
  2144 | D        | Killed Harold
  2165 | D        | Noticed Josephine
  2175 | D        | Killed Josephine
  2176 | D        | Reached XP level 12. HP: 80/130 MP: 11/11
  2463 | D        | Noticed a centaur warrior
  2463 | D        | Noticed a catoblepas
  2468 | D        | Noticed a stone giant
  2470 | D        | Noticed a stone giant
  2484 | D        | Killed a catoblepas
  2489 | D        | Killed a centaur warrior
  2491 | D        | Noticed a stone giant
  2493 | D        | Killed a stone giant
  2502 | D        | Killed a stone giant
  2503 | D        | Noticed a stone giant
  2508 | D        | Noticed a spark wasp
  2517 | D        | Killed a stone giant
  2532 | D        | Killed a stone giant
  2535 | D        | Killed a spark wasp
  2810 | D        | Bought a box of beasts for 560 gold pieces
  2810 | D        | Bought a scroll of enchant weapon for 105 gold pieces
  2821 | D        | Noticed Grum
  2830 | D        | Killed Grum
  3014 | D        | Noticed a bunyip
  3014 | D        | Noticed an eleionoma
  3014 | D        | Noticed a six-headed hydra
  3023 | D        | Killed a five-headed hydra
  3023 | D        | Noticed a bunyip
  3041 | D        | Killed an eleionoma
  3043 | D        | Reached XP level 13. HP: 49/156 MP: 12/12
  3049 | D        | Killed a bunyip
  3050 | D        | Reached skill level 1 in Evocations
  3058 | D        | Killed a bunyip
  3349 | D        | Reached skill level 10 in Armour
  3349 | D        | Reached skill level 10 in Shields
  3539 | D        | Noticed a spark wasp
  3539 | D        | Noticed a broodmother
  3546 | D        | Killed a broodmother
  3553 | D        | Killed a spark wasp
  3557 | D        | Reached skill level 5 in Evocations
  3572 | D        | Killed a ghost moth
  3573 | D        | Reached skill level 10 in Dodging
  3578 | D        | Reached skill level 27 in Fighting
  3738 | D        | Noticed a merfolk impaler
  3755 | D        | Killed a merfolk impaler
  3918 | D        | Bought a scroll of torment for 133 gold pieces
  3918 | D        | Bought a scroll of blinking for 105 gold pieces
  3918 | D        | Bought 3 scrolls of magic mapping for 315 gold pieces
  3918 | D        | Bought a scroll of blinking for 105 gold pieces
  3928 | D        | Bought the +9 bardiche "Citiuta" {freeze, MP+9} for 1306
                  | gold pieces
  3934 | D        | Noticed Azrael
  3950 | D        | Killed Azrael
  3951 | D        | Reached skill level 15 in Armour
  4061 | D        | Noticed Agnes
  4072 | D        | Killed Agnes
  4206 | D        | Noticed a stone giant
  4206 | D        | Noticed an ettin
  4209 | D        | Killed an ettin
  4220 | D        | Noticed an ettin
  4220 | D        | Noticed a spriggan defender
  4248 | D        | Reached XP level 14. HP: 168/168 MP: 13/13
  4258 | D        | Killed a stone giant
  4273 | D        | Killed a spriggan defender
  4424 | D        | Noticed a vault warden
  4429 | D        | Killed a vault warden
  4438 | D        | Noticed an ironbound preserver
  4441 | D        | Noticed a vault warden
  4448 | D        | Noticed an ironbound preserver
  4452 | D        | Killed an ironbound preserver
  4453 | D        | Noticed an ironbound preserver
  4461 | D        | Killed a vault warden
  4462 | D        | HP: 4/168 [ironbound frostheart/creeping frost (16)]
  4468 | D        | HP: 7/168 [ironbound frostheart/creeping frost (16)]
  4468 | D        | HP: 2/168 [ironbound preserver/+0 great mace (5)]
  4469 | D        | Killed an ironbound preserver
  4469 | D        | Killed from afar by an ironbound frostheart

Illustrated notes

Levels and vault maps discovered:
D:        linesprint [early_d, line_temple, items_1, d_10, items_2, lair_1,
          lair_end, items_3, orc_1, orc_end, items_4, d_15, swamp_1, shoals_1,
          snake_1, spider_1, d_20, vaults_1, items_5, swamp_end, shoals_end,
          snake_end, spider_end, vaults_end, d_27, items_6, zot_1, zot_end,
          crypt_end, forest_end, elf_end, slime_end, tomb_end, abyss_end,
          pan_hell_end]

Skill      XL: |  1  2  3  4  5  6  7  8  9 10 11 12 13 14 |
---------------+-------------------------------------------+-----
Polearms       | 6 8 10 12 14 17 20 23 26 27 | 27.0
Fighting       | 8 19 26 27 | 27.0
Armour         | 8 18 24 | 24.3
Dodging        | 6 7 10 | 10.3
Shields        | 8 11 | 11.9
Evocations     | 6 |  6.0

Action                     |  1- 3 |  4- 6 |  7- 9 | 10-12 | 13-15 || total
---------------------------+-------+-------+-------+-------+-------++-------
  Melee: Trident           |    17 |     5 |       |       |       ||    22
         Headbutt          |     2 |     5 |     6 |    70 |    53 ||   136
         Halberd           |       |    19 |    70 |   206 |       ||   295
         Glaive            |       |       |       |    95 |    59 ||   154
         Demon trident     |       |       |       |       |   207 ||   207
 Invoke: Call Merchant     |       |       |       |     5 |     2 ||     7
    Use: Potion            |       |     1 |     2 |    13 |    12 ||    28
         Scroll            |       |       |       |     8 |     4 ||    12
   Stab: Distracted        |       |       |       |     2 |     5 ||     7
 Armour: Scale mail        |     2 |     4 |       |       |       ||     6
         Plate armour      |       |    16 |    53 |   106 |    85 ||   260
  Dodge: Dodged            |     9 |     5 |    12 |    75 |    37 ||   138
  Block: Buckler           |     3 |       |       |       |       ||     3
         Kite shield       |       |       |       |       |    58 ||    58
